 Dungeon Crawl Stone Soup version 0.29.1 (webtiles) character file.

Game seed: 13979309168081015472

293 Icepheonix32 the Changer (level 6, 0/44 HPs)
             Began as a Merfolk Transmuter on Sept 13, 2022.
             Killed from afar by an orc wizard (6 damage)
             ... with a magic dart
             ... on level 4 of the Dungeon.
             The game lasted 00:04:44 (4406 turns).

Icepheonix32 the Changer (Merfolk Transmuter)       Turns: 4406, Time: 00:04:45

Health: 0/44       AC:  3    Str: 10    XL:     6   Next: 33%
Magic:  10/10      EV: 13    Int: 21    God:
Gold:   95         SH:  0    Dex: 14    Spells: 7/10 levels left

rFire   . . .      SeeInvis .   g - +2 short sword (drain)
rCold   . . .      Faith    .   (no shield)
rNeg    . . .      Spirit   .   p - +0 robe {Archmagi}
rPois   .          Reflect  .   (helmet currently unavailable)
rElec   .          Harm     .   o - +0 cloak
rCorr   .          Rampage  .   (no gloves)
Will    .....      Archmagi +   (boots currently unavailable)
Stlth   +.........              (no amulet)
HPRegen 0.14/turn               c - ring of wizardry
MPRegen 0.12/turn               s - +6 ring of intelligence

@: appendages (expiring), wereblooded
A: horns 2, (nimble swimmer 2), mertail
a: End Transformation


You were on level 4 of the Dungeon.
You had temporarily grown beastly horns.
You visited 1 branch of the dungeon, and saw 4 of its levels.

You collected 95 gold pieces.

Inventory:

Hand Weapons
 g - a +2 short sword of draining (weapon)
Missiles
 d - 2 poisoned darts
 t - 2 silver javelins
Armour
 o - a +0 cloak (worn)
 p - a +0 robe of the Archmagi (worn)
 q - a +0 helmet (melded)
Magical Staves
 r - a staff of earth
Jewellery
 c - a ring of wizardry (left hand)
 k - an amulet of faith
 s - a +6 ring of intelligence (right hand)
 v - an amulet of guardian spirit
 w - a ring of poison resistance
Scrolls
 a - a scroll of magic mapping {unknown}
 e - a scroll of torment {unknown}
 h - 2 scrolls of immolation {unknown}
 j - 2 scrolls of teleportation {unknown}
 l - a scroll of fear {unknown}
 m - a scroll of acquirement {unknown}
 n - 2 scrolls of vulnerability {unknown}
Potions
 b - a potion of lignification
 f - a potion of resistance {unknown}
 i - a potion of cancellation {unknown}
 u - a potion of curing {unknown}
 x - a potion of attraction {unknown}


   Skills:
 + Level 2.0 Fighting
 + Level 2.6 Short Blades
 * Level 4.0 Dodging
 + Level 4.5 Unarmed Combat
 + Level 2.8 Spellcasting
 * Level 5.0 Transmutations


You had 7 spell levels left.
You knew the following spells:

 Your Spells              Type           Power      Damage    Failure   Level
a - Beastly Appendage     Tmut           72%        N/A       1%          1
b - Wereblood             Tmut           36%        N/A       1%          2

Your spell library contained the following spells:

 Spells                   Type           Power      Damage    Failure   Level
 Shock                    Conj/Air       16%        1d4       6%          1
 Slow                     Hex            16%        N/A       6%          1
 Spider Form              Tmut/Pois      20%        N/A       6%          3
 Confusing Touch          Hex            4%         N/A       16%         3
 Gell's Gravitas          Tloc           4%         N/A       16%         3
 Lesser Beckoning         Tloc           4%         N/A       16%         3
 Swiftness                Air            4%         N/A       16%         3
 Teleport Other           Tloc           4%         N/A       16%         3
 Vampiric Draining        Necr           4%         2d6       16%         3
 Ice Form                 Ice/Tmut       20%        N/A       19%         4
 Airstrike                Air            2%         2d(1-17)  45%         4


Dungeon Overview and Level Annotations

Branches:
Dungeon (4/15)
 Temple: D:4-7

Altars:
Ru

Shops:
D:1 :

Annotations:
D:3 2 runed translucent doors, videwesjr's ghost, amateur MiFi


Innate Abilities, Weirdness & Mutations

You have temporarily grown beastly horns.
((You are very nimble when in or above water. (Stealth+, EV+, Speed+++)))
Your lower body shifts to a powerful aquatic tail in water.


Message History

A jackal comes into view.
The jackal barely misses you. Something hits you. The jackal barely misses you.
You hit the jackal. You drain the jackal.
You feel a bit better.
You kill the jackal!
Your transformation is almost over.
Something hits you.
You hit something but do no damage. You headbutt something.
You hear a bark!
The hobgoblin closely misses you. Something hits you.
A jackal comes into view.
You miss something.
The hobgoblin hits you but does no damage.
You hear some strange, mumbled words.
Something tries to affect you, but you resist.
You hit something. The hobgoblin closely misses you. Something hits you.
The jackal completely misses you.
You hit something but do no damage. Your headbutt misses something.
The jackal completely misses you. The hobgoblin hits you.
You hear some strange, mumbled words.
A magic dart appears from out of thin air!
The magic dart hits you! The jackal closely misses you.
You miss something. Your headbutt misses something. The jackal misses you.
You hear some strange, mumbled words.
A magic dart appears from out of thin air!
The magic dart hits you!
* * * LOW HITPOINT WARNING * * *
The hobgoblin closely misses you. The jackal closely misses you. x2
Unknown command.
The hobgoblin attacks as you move away! The hobgoblin completely misses you.
Something barely misses you.
The jackal bites you but does no damage.
The jackal bites you.
* * * LOW HITPOINT WARNING * * *
The jackal bites you.
* * * LOW HITPOINT WARNING * * *
Something hits you.
* * * LOW HITPOINT WARNING * * *
A magic dart appears from out of thin air!
The magic dart hits you.
You die...

#.#.>........
#............
#...........
##).........
#<).......#
#.g†.....##
#{hhh....#
#..#.....#
##@#######
#.# #.# #.#
#.# #.# ...
.##


You could see 2 jackals and a hobgoblin.

Vanquished Creatures
  A bullfrog (D:3)
  2 orc priests (D:3)
  Jessica (D:2)
  6 adders
  2 dart slugs
  6 orcs
  8 bats
  10 endoplasms
  2 giant cockroaches
  5 goblins
  3 hobgoblins
  7 jackals
  4 quokkas
  7 ball pythons
  4 frilled lizards
  5 kobolds
  7 rats
80 creatures vanquished.

Notes
Turn   | Place    | Note
-------+----------+-------------------------------------------
     0 | D:1      | Icepheonix32 the Merfolk Transmuter began the quest for the
                  | Orb.
     0 | D:1      | Reached XP level 1. HP: 15/15 MP: 3/3
    67 | D:1      | Reached skill level 3 in Transmutations
    80 | D:1      | Reached XP level 2. HP: 4/21 MP: 5/5
   600 | D:1      | Found Bafyrghuqetz's Book Emporium.
   737 | D:1      | Learned a level 2 spell: Wereblood
  1055 | D:1      | Reached XP level 3. HP: 26/26 MP: 4/6
  1980 | D:2      | Found a sacrificial altar of Ru.
  2193 | D:2      | Reached XP level 4. HP: 32/32 MP: 5/7
  2679 | D:2      | Noticed Jessica
  2696 | D:2      | Killed Jessica
  2697 | D:2      | Reached skill level 1 in Short Blades
  3226 | D:3      | Reached skill level 4 in Transmutations
  3226 | D:3      | Reached XP level 5. HP: 37/37 MP: 6/8
  3418 | D:3      | Found a runed translucent door.
  3419 | D:3      | Noticed videwesjr's ghost (amateur MiFi)
  3848 | D:3      | Reached XP level 6. HP: 44/44 MP: 9/9
  3943 | D:3      | Reached skill level 5 in Transmutations
  4063 | D:3      | Found a runed translucent door.
  4406 | D:4      | Killed from afar by an orc wizard

Illustrated notes

Levels and vault maps discovered:
D:1:      dreamdust_arrival_beginning_and_end, layout_loops_corners,
          serial_shops, shop_fountains, grunt_decor_fettered
D:2:      minmay_skewed_foursquare, layout_loops_ring, basic_altar, uniq_jessica
D:3:      layout_loops_cross, ebering_ghost_sewer_f
D:4:      layout_cave_pods, lemuel_coloured_pillars_altar,
          minmay_temple_entry_hall, uniq_edmund

Skill      XL: |  1  2  3  4  5  6 |
---------------+-------------------+-----
Transmutations | 3 4 5 |  5.0
Unarmed Combat | 4 |  4.5
Dodging        | 3 4 |  4.0
Short Blades   | 1 2 |  2.6
Fighting       | 2 |  2.0
Spellcasting   | |  2.8

Action                   |  1- 3 |  4- 6 || total
-------------------------+-------+-------++-------
Melee: Unarmed           |    83 |       ||    83
       Headbutt          |    10 |    12 ||    22
       Short sword       |    37 |   114 ||   151
       Punch             |       |     3 ||     3
 Cast: Beastly Appendage |    22 |    17 ||    39
       Wereblood         |       |     2 ||     2
 Stab: Sleeping          |     1 |     5 ||     6
Armor: Robe              |    29 |    18 ||    47
Dodge: Dodged            |    85 |    78 ||   163
